[Event "ICC tourney 2532 (25 5)"]
[Site "Internet Chess Club"]
[Date "2021.04.25"]
[Round "8"]
[White "BHALOO, ADAM:K12-15234397"]
[Black "AUGUSTO BALDERAS, ADOLFO:K12-14480460"]
[Result "1-0"]
[ICCResult "Black resigns"]
[WhiteElo "899"]
[BlackElo "1962"]
[Opening "King's Indian defense, 3.Nc3"]
[ECO "E61"]
[NIC "KI.80"]
[Time "17:07:34"]
[PlyCount "187"]
[TimeControl "1500+5"]

1. d4 Nf6 2. c4 g6 3. Nc3 Bg7 4. Nf3 O-O 5. Bf4 d6 6. e3 Nc6 7. Bd3 Nd7 8.
O-O e5 9. Bg3 f5 10. d5 Ne7 11. e4 f4 12. Bh4 h6 13. Bxe7 Qxe7 14. h3 g5
15. Nh2 Nf6 16. Re1 h5 17. Be2 Qf7 18. b3 Qg6 19. f3 Rf7 20. Rb1 a5 21. Rb2
Kh8 22. Nb5 Bh6 23. a4 b6 24. b4 axb4 25. Rxb4 Bb7 26. Rb2 Rg8 27. a5 bxa5
28. Nd4 Bc8 29. Ne6 Nh7 30. Rb5 Bxe6 31. dxe6 Qxe6 32. Rxa5 Nf6 33. Qd3
Rfg7 34. Rb1 g4 35. fxg4 hxg4 36. Nxg4 Nxg4 37. Bxg4 Rxg4 38. hxg4 Qxg4 39.
Ra2 f3 40. Rf1 fxg2 41. Rf3 Qh4 42. Rxg2 Qe1+ 43. Rf1 Rxg2+ 44. Kxg2 Qh4
45. Rf7 Qg4+ 46. Kf2 Qh4+ 47. Ke2 Qh2+ 48. Kd1 Qg1+ 49. Kc2 Qc1+ 50. Kb3 c5
51. Rf6 Kg7 52. Rxd6 Be3 53. Rd7+ Kg6 54. Qd6+ Kh5 55. Qxe5+ Kg4 56. Rg7+
Kf3 57. Qh5+ Kxe4 58. Qd5+ Kf4 59. Qf7+ Ke4 60. Qg6+ Kf3 61. Qg3+ Ke2 62.
Qg2+ Kd3 63. Qd5+ Bd4 64. Qf5+ Ke2 65. Re7+ Be3 66. Qxc5 Qb1+ 67. Ka3 Qa1+
68. Kb4 Qb2+ 69. Ka5 Qa1+ 70. Kb6 Qf6+ 71. Kb5 Qb2+ 72. Kc6 Qf6+ 73. Kd7
Kf2 74. Qxe3+ Kg2 75. Qe2+ Kh3 76. Re3+ Kh4 77. Qh2+ Kg4 78. Qh3+ Kg5 79.
Rg3+ Kf4 80. Qf1+ Ke5 81. Qxf6+ Kxf6 82. c5 Kf5 83. c6 Kf4 84. Rg8 Ke4 85.
c7 Ke5 86. c8=Q Kd5 87. Qb7+ Ke5 88. Ra8 Kf6 89. Kd8 Ke6 90. Ra6+ Ke5 91.
Qb5+ Kd4 92. Ra4+ Kc3 93. Qh5 Kb3 94. Rg4 { Black resigns } 1-0